 Dungeon Crawl Stone Soup version 0.17.1-1-g73c8601 (console) character file.

107 Kloppie the Insei (level 4, 0/38 HPs)
             Began as a Draconian Transmuter on Dec 18, 2015.
             Was an Initiate of Makhleb.
             Slain by Grinder (6 damage)
             ... on level 3 of the Dungeon.
             The game lasted 00:04:20 (2241 turns).

Kloppie the Insei (Draconian Transmuter)            Turns: 2241, Time: 00:04:20

Health: 0/38       AC:  5    Str: 12    XL:     4   Next: 56%
Magic:  6/7        EV: 12    Int: 13    God:    Makhleb [......]
Gold:   97         SH:  0    Dex: 13    Spells: 1 memorised, 6 levels left

rFire  . . .     SeeInvis .       - Unarmed
rCold  . . .     Clarity  .     (armour unavailable)
rNeg   . . .     SustAt   .     (no shield)
rPois  .         Gourm    .     (helmet restricted)
rElec  .         Spirit   .     (no cloak)
rCorr  .         Warding  .     (no gloves)
rMut   .         Stasis   .     (no boots)
MR     .....                    (no amulet)
Stlth  +.........               (no ring)
                                (no ring)

@: appendage, not resistant to hostile enchantments, very unstealthy
A: unfitting armour, horns 2, cold-blooded, AC +5
a: End Transformation, Renounce Religion


You were on level 3 of the Dungeon.
You worshipped Makhleb.
Makhleb was noncommittal.
You were hungry.
You had grown temporary horns.
You visited 1 branch of the dungeon, and saw 3 of its levels.

You collected 97 gold pieces.

Inventory:

Missiles
 a - 24 arrows
Jewellery
 j - an uncursed ring of sustain attributes {unknown}
 n - an uncursed ring of teleportation
Scrolls
 d - a scroll of enchant weapon
Potions
 e - 2 potions of ambrosia
 h - a potion of haste {unknown}
 k - 3 potions of curing {unknown}
 o - 2 potions of flight {unknown}
 s - a potion of resistance
Books
 b - a book of Changes

   Spells                             Type                      Level
   a - Beastly Appendage              Transmutation                1
   b - Sticks to Snakes               Transmutation                2
   c - Spider Form                    Transmutation/Poison         3
   d - Ice Form                       Ice/Transmutation            4
   e - Blade Hands                    Transmutation                5
 i - a Necronomicon

   Spells                             Type                      Level
   a - Haunt                          Necromancy/Summoning         7
   b - Borgnjor's Revivification      Necromancy                   8
   c - Death's Door                   Charms/Necromancy            8
   d - Necromutation                  Transmutation/Necromancy     8
Comestibles
 c - 3 bread rations
 f - a meat ration
 l - a slice of pizza
 m - a royal jelly


   Skills:
 + Level 3.4 Fighting
 - Level 1.7 Dodging
 + Level 4.3 Unarmed Combat
 - Level 2.0 Spellcasting
 - Level 2.0 Transmutations


You had 6 spell levels left.
You knew the following spells:

 Your Spells              Type           Power        Failure   Level  Hunger
a - Beastly Appendage     Trmt           #.....       12%         1    ##.....


Dungeon Overview and Level Annotations

Branches:
Dungeon (3/15)

Altars:
Elyvilon
Makhleb

Annotations:
D:3 Grinder


Innate Abilities, Weirdness & Mutations

Your plain brown scales are hard (AC +5).
Your body does not fit into most forms of armour.
You are cold-blooded and may be slowed by cold attacks.
You have a pair of horns on your head.


Message History

Grinder is heavily wounded.
Grinder says, "Wait up."
Grinder barely misses you.
You closely miss Grinder.
Grinder is heavily wounded.
Grinder hits you.
* * * LOW HITPOINT WARNING * * *
You writhe in agony.
* * * LOW HITPOINT WARNING * * *
Casting: Beastly Appendage
Confirm with . or Enter, or press ? or * to list all spells.
You grow a pair of large bovine horns.
Grinder hits you.
* * * LOW HITPOINT WARNING * * *
You writhe in agony.
* * * LOW HITPOINT WARNING * * *
You hit Grinder. You headbutt Grinder, but do no damage.
Your punch misses Grinder.
Grinder is severely wounded.
Grinder hits you.
You die...

# # ##### # #... # #
####.###.### ######
#...)......# .....#
#.#5@.##.#. ####.#
#.#.#.# #.## #.#.....
####..#######.###.###
.....(...............
#####.########.######
#.........# #.#
#.........# #.#
#.........#
#.##################


You could see Grinder.

Vanquished Creatures
  A crimson imp (D:2)
  The ghost of Kloppie the Ruffian, a weakling DrTm (D:3)
  An ooze (D:1)
  3 giant geckos
  A ball python (D:1)
  9 bats
  8 goblins
  6 hobgoblins
  2 quokkas (D:2)
  3 giant cockroaches
  5 giant newts
  6 kobolds
  3 rats
49 creatures vanquished.

Notes
Turn   | Place    | Note
--------------------------------------------------------------
     0 | D:1      | Kloppie the Draconian Transmuter began the quest for the Orb.
     0 | D:1      | Reached XP level 1. HP: 16/16 MP: 3/3
   131 | D:1      | Reached XP level 2. HP: 18/24 MP: 5/5
   601 | D:1      | Reached XP level 3. HP: 24/30 MP: 6/6
  1263 | D:2      | Found a burning altar of Makhleb.
  1352 | D:2      | Reached skill level 4 in Unarmed Combat
  1352 | D:2      | Reached XP level 4. HP: 24/38 MP: 5/7
  1356 | D:2      | Became a worshipper of Makhleb the Destroyer
  1926 | D:3      | Noticed Kloppie's ghost (weakling DrTm)
  1953 | D:3      | Killed Kloppie's ghost
  2198 | D:3      | Found a white marble altar of Elyvilon.
  2219 | D:3      | Noticed Grinder
  2228 | D:3      | Paralysed by Grinder for 3 turns
  2241 | D:3      | Slain by Grinder

Action                   |  1- 3 |  4- 6 || total
-------------------------+-------+-------++-------
Melee: Unarmed           |   187 |    73 ||   260
 Cast: Beastly Appendage |     3 |     2 ||     5
  Use: Potion            |     1 |     1 ||     2
       Scroll            |       |     8 ||     8
 Stab: Sleeping          |     2 |     1 ||     3
  Eat: Chunk             |     1 |     3 ||     4
